 Dungeon Crawl Stone Soup version 0.21-a0-88-g13b9641 (webtiles) character file.

143241 namelastname112 the Devastator (level 16, 0/97 HPs)
             Began as a Green Draconian Conjurer on June 11, 2017.
             Was the Champion of Ashenzari.
             Killed by nerve-wracking pain
             ... invoked by an Executioner
              (8 damage)
             ... on level 5 of the Abyss on June 27, 2017.
             The game lasted 01:47:43 (34208 turns).

namelastname112 the Devastator (DrCj)              Turns: 34208, Time: 01:47:43

Health: 0/97       AC: 13    Str: 14    XL:     16   Next: 82%
Magic:  18/48      EV: 19    Int: 17    God:    Ashenzari [******]
Gold:   2439       SH:  4    Dex: 14    Spells: 14/41 levels left

rFire    + . .     SeeInvis +   r - staff of power (curse)
rCold    + . .     Gourm    .   S - -2 buckler (curse)
rNeg     . . .     Faith    +   (armour unavailable)
rPois    +         Spirit   .   (helmet restricted)
rElec    +         Reflect  .   (no cloak)
rCorr    .         Harm     .   d - +1 pair of gloves
MR       +....     Clarity  +   a - +1 pair of boots {run}
Stlth    ++........             L - amulet "Jogabiol" {Faith Dex+3}
HPRegen  0.00/turn              i - ring "Foisunus" {Wiz rElec Str+7 Dex-2 SInv}
MPRegen  0.31/turn              J - ring of Ryolef {+Inv rF+ rC+ Dex+4}

@: flying, non-regenerating, diseased, quick
A: breathe noxious fumes, unfitting armour, big wings, stinger 1, [berserk 2],
blurry vision 1[+2], [clumsy 2], [dopey 2], [frail 3], poison resistance,
regeneration 1, [screaming 2], [weak 2], [no potion heal 2], cold-blooded,
[subdued magic 3], AC +9
a: Breathe Noxious Fumes, Stop Flying, Curse Item, Scrying, Transfer Knowledge,
Renounce Religion, Evoke Invisibility


You were on level 5 of the Abyss.
You worshipped Ashenzari.
Ashenzari was exalted by your worship.
You were not hungry.

You visited 4 branches of the dungeon, and saw 24 of its levels.
You visited the Abyss 1 time.
You also visited: Ice Cave.

You collected 2815 gold pieces.
You spent 376 gold pieces at shops.

Inventory:

Armour
 a - a +1 pair of boots of running (worn)
 d - a +1 pair of gloves (worn)
 S - a cursed -2 buckler (worn)
Magical Staves
 r - a cursed staff of power (weapon)
 w - an uncursed staff of earth
Jewellery
 i - the ring "Foisunus" (left hand) {Wiz rElec Str+7 Dex-2 SInv}
   (You found it in an ice cave)

   [ring of wizardry]

   It improves your spell success rate.
   It affects your strength (+7).
   It affects your dexterity (-2).
   It insulates you from electricity.
   It lets you see invisible.
 J - the ring of Ryolef (right hand) {+Inv rF+ rC+ Dex+4}
   (You bought it in a shop on level 9 of the Dungeon)

   [ring of protection from cold]

   It affects your dexterity (+4).
   It protects you from fire.
   It protects you from cold.
   It lets you turn invisible.
 L - the amulet "Jogabiol" (around neck) {Faith Dex+3}
   (You found it in an ice cave)

   [amulet of faith]

   It allows you to gain divine favour quickly.
   It affects your dexterity (+3).
 W - a +5 ring of intelligence
Wands
 f - a wand of lightning (6/15)
 l - a wand of iceblast (3/15)
 o - a wand of lightning (7/15)
 s - a wand of scattershot (2/9)
 u - a wand of enslavement (0/24)
 y - a wand of lightning (13/15)
 C - a wand of digging (5/24)
 D - a wand of disintegration (23/24)
 E - a wand of lightning (5/15)
 G - a wand of iceblast (9/15)
 O - a wand of polymorph (7/24)
 R - a wand of acid (4/15)
 T - a wand of acid (8/15)
 V - a wand of disintegration (9/24)
 X - a wand of lightning (7/15)
 Z - a wand of enslavement (12/24)
Scrolls
 h - 7 scrolls of blinking
 m - 5 scrolls of amnesia
 q - 7 scrolls of enchant weapon
 v - 7 scrolls of magic mapping
 z - 2 scrolls of enchant armour
 B - 4 scrolls of fog
 I - 6 scrolls of recharging
 N - 9 scrolls of remove curse
 Y - a scroll of summoning
Potions
 g - 2 potions of ambrosia
 k - 2 potions of cancellation
 p - 9 potions of curing
 x - 5 potions of agility
 H - 4 potions of brilliance
 K - 3 potions of heal wounds
 M - a potion of might
 P - a potion of haste
 Q - 5 potions of resistance
Miscellaneous
 c - a phial of floods
 e - a sack of spiders
 j - a crystal ball of energy
 n - a phial of floods
 U - a phial of floods
Comestibles
 b - 8 bread rations
 t - a royal jelly
 A - 17 fruits


   Skills:
 - Level 12.3 Fighting
 - Level 10.5 Dodging
 - Level 1.7 Stealth
 - Level 6.3(9.4) Shields
 + Level 13.1(17.2) Spellcasting
 + Level 15.4 Conjurations
 - Level 7.7 Charms
 - Level 5.7 Earth Magic
 * Level 10.7 Evocations


You had 14 spell levels left.
You knew the following spells:

 Your Spells              Type           Power        Failure   Level  Hunger
a - Iskenderun's Battles  Conj/Chrm      ####....     1%          5    ###....
b - Blink                 Tloc           N/A          1%          2    None
c - Iron Shot             Conj/Erth      ####......   1%          6    #####..
f - Fulminant Prism       Conj/Hex       ###.......   1%          4    None
s - Orb of Destruction    Conj           #####.....   1%          7    ######.
x - Searing Ray           Conj           #####.       0%          2    None
z - Magic Dart            Conj           ####         0%          1    None


Dungeon Overview and Level Annotations

Branches:
Dungeon (15/15)            Temple (0/1) D:6            Lair (6/6) D:9
 Shoals (0/4) Lair:2        Snake (0/4) Lair:4        Slime (0/5) Lair:5
    Orc (2/2) D:12            Elf (1/3) Orc:2        Vaults (0/5) D:13
 Depths (0/5) D:15

Altars:
Ashenzari
Dithmenos
Fedhas
Gozag
Hepliaklqana
Ru
Trog
Vehumet
Wu Jian
Yredelemnul
The Shining One
Beogh
Jiyva

Shops:
D:5 (   D:9 *}   D:12 *   Orc:2 (**!

Annotations:
Lair:5 1 runed door


Innate Abilities, Weirdness & Mutations

You can breathe blasts of noxious fumes.
Your lurid green scales are hard. (AC +9)
You cannot fit into any form of body armour.
Your tail ends in a poisonous barb.
Your system is resistant to poisons. (rPois)
You are cold-blooded and may be slowed by cold attacks.
Your large and strong wings let you fly indefinitely.
Your natural rate of healing is unusually fast.
[You often lose your temper in combat.]
[Scrolls take you much longer to read.]
[You are very clumsy. (Dex -4)]
[You are very dopey. (Int -4)]
[You are extremely frail. (-30% HP)]
[You sometimes yell uncontrollably at your foes.]
[You are very weak. (Str -4)]
[Potions are poor at restoring your health.]
[Your spells are much easier to cast, but much less powerful.]


Message History

The raiju bites you but does no damage.
An Executioner comes into view.
You now have 17/48 mp.
Really read with blurry vision while enemies are nearby?
The Executioner hits you!
* * * LOW HITPOINT WARNING * * *
The Executioner completely misses you. The Executioner barely misses you.
The raiju bites you.
* * * LOW HITPOINT WARNING * * *
The raiju shocks you. You resist.
* * * LOW HITPOINT WARNING * * *
You begin reading the scroll.
You continue reading the scroll.
The Executioner gestures.
The Executioner seems to speed up.
The Executioner gestures at you. You resist with significant effort.
The raiju completely misses you.
You continue reading the scroll.
The Executioner gestures at you. Pain shoots through your body!
You die...

, * ,* ,.,...,#..#.####
, , * , * ..#.#.# {
.####,, ,,, , , *
#{..###...##..#,,,* ,
,, ,,*,* ......##.2..
##,,, ,, * ,,*
.........#.....#,* , ,
,
*,*,,.#..###.#..##.....
* , ** * ....#{....#.
#. ..** ,,
.,#.####.#..#.. ...,,*
* * ....#1@#{.#.....#.
* ,, *, , *#...h.....#
..#.,* ≈≈*≈ *
*#..###.####.##. **,,,
, , , ,##., ##..
,..##§, * , ,, ≈ *, .**
....,.#, * ≈,, #. *,*
...## . *, * * *** . *
#...#,,,, , , , ≈ ,#. ,
* {*##..# , ,* ,, ,** *
, ** ,{*###, ** ,


You could see an Executioner and a raiju.

Vanquished Creatures
  Kirke (Lair:5)
  An orc warlord (Orc:2)
  Nessos (D:15)
  A dire elephant (D:15)
  A fire dragon (Lair:6)
  The ghost of TotoDurand the Fighter, a journeyman DrMo of Wu Jian (D:9)
  2 great orbs of eyes
  12 hydras
  2 ice dragons (IceCv)
  6 centaur warriors
  10 two-headed ogres
  2 dancing weapons (Elf:1)
  Urug (Lair:2)
  5 orc high priests (Orc:2)
  A wretched star (Abyss:4)
  4 deep elf knights (Elf:1)
  A sixfirhy (Abyss:4)
  4 unseen horrors
  A wizard (D:13)
  6 deep elf archers (Elf:1)
  Pikel (D:9)
  A lindwurm (Lair:6)
  25 deep elf magi
  6 orc knights (Orc:2)
  4 orc sorcerers
  8 ugly things
  A wolf spider (D:15)
  2 oklob plants (Lair:1)
  A moth of wrath (shapeshifter) (D:15)
  A large abomination (Abyss:4)
  A manticore (D:13)
  2 salamanders
  7 cyclopes
  5 elephants (Lair:3)
  4 centaur zombies
  A merfolk siren (Lair:2)
  Joseph (D:7)
  A torpor snail (shapeshifter) (D:13)
  2 torpor snails (Lair:6)
  7 black mambas
  14 spiny frogs
  2 molten gargoyles (Lair:6)
  3 gargoyles
  2 freezing wraiths (D:13)
  A kobold demonologist (D:13)
  6 rime drakes
  12 komodo dragons
  9 trolls
  3 meliai (Lair:4)
  A polar bear (Lair:6)
  17 slime creatures
  11 hippogriffs
  A raiju (shapeshifter) (D:15)
  8 blink frogs
  A hornet (D:9)
  A shadow (D:11)
  An air elemental (Elf:1)
  6 spriggans (Lair:4)
  7 wyverns
  34 yaks
  2 vampires
  3 wraiths
  A human (shapeshifter) (D:13)
  Grum (D:8)
  A fire elemental (Elf:1)
  A hungry ghost (D:13)
  A steam dragon (Lair:6)
  The ghost of KristoblXynda the Slasher, an amateur DgGl (D:3)
  8 basilisks
  6 vampire mosquitoes
  A neqoxec (Abyss:4)
  3 wargs
  2 soldier ants (D:10)
  4 hell hounds (Lair:6)
  2 acid dragons (D:15)
  8 porcupines
  10 water moccasins
  54 orc warriors
  21 ice beasts
  4 sky beasts
  A slave (D:9)
  7 black bears
  5 phantoms
  An eye of draining (D:13)
  A necrophage (D:7)
  22 ogres
  2 boggarts (Elf:1)
  23 centaurs
  3 wolves
  15 crocodiles
  4 big kobolds
  22 bullfrogs
  A water moccasin zombie (D:6)
  An earth elemental (Elf:1)
  2 gnoll sergeants
  2 jellies
  4 scorpions
  54 killer bees
  13 wights
  5 howler monkeys
  An electric eel (Lair:3)
  3 crimson imps
  2 bullfrog zombies
  5 lava snakes (Lair:6)
  7 hounds
  A quasit (D:14)
  3 bullfrog skeletons
  4 gnoll shamans (D:9)
  35 orc priests
  5 centaur skeletons
  Ijyb (D:3)
  Jessica (D:3)
  3 iguanas
  21 orc wizards
  13 worker ants
  Natasha (D:4)
  A killer bee zombie (D:7)
  3 hound skeletons
  A worker ant zombie (D:9)
  Robin (D:3)
  19 gnolls
  A howler monkey skeleton (D:4)
  9 adders
  2 shadow imps
  3 oozes
  2 adder skeletons
  3 worms
  7 leopard geckos
  133 orcs
  A ball python (D:5)
  12 bats
  4 giant cockroaches (D:1)
  8 goblins
  8 hobgoblins
  16 jackals
  2 quokkas
  3 frilled lizards
  A jackal skeleton (D:4)
  23 kobolds
  4 rats
  2 fulminant prisms
  2 plants (Lair:1)
983 creatures vanquished.

Vanquished Creatures (collateral kills)
  3 spriggans (Lair:4)
3 creatures vanquished.

Vanquished Creatures (others)
  A black mamba (Lair:5)
  6 humans (Lair:5)
  An ice beast (IceCv)
  3 slaves (D:9)
  2 centaurs (D:9)
  A hound (D:9)
  A worker ant (D:9)
  2 orcs (D:9)
  145 fulminant prisms
  52 fungi
  20 plants
234 creatures vanquished.

Grand Total: 1220 creatures vanquished

Notes
Turn   | Place    | Note
-------+----------+-------------------------------------------
     0 | D:1      | namelastname112 the Draconian Conjurer began the quest for the Orb.
     0 | D:1      | Reached XP level 1. HP: 14/14 MP: 3/3
   160 | D:1      | Reached XP level 2. HP: 20/20 MP: 1/5
   340 | D:1      | Learned a level 2 spell: Searing Ray
   594 | D:1      | Reached XP level 3. HP: 26/26 MP: 1/7
  1403 | D:2      | Found a shattered altar of Ashenzari.
  1410 | D:2      | Found a basalt altar of Yredelemnul.
  1419 | D:2      | Found a sacrificial altar of Ru.
  1426 | D:2      | Found an ornate altar of the Wu Jian Council.
  1433 | D:2      | Found a shadowy altar of Dithmenos.
  1438 | D:2      | Found a radiant altar of Vehumet.
  1449 | D:2      | Found a blossoming altar of Fedhas.
  1604 | D:2      | Became a worshipper of Ashenzari the Shackled
  1713 | D:3      | Noticed KristoblXynda's ghost (amateur DgGl)
  1953 | D:3      | Noticed Ijyb
  2013 | D:3      | Killed Ijyb
  2013 | D:3      | Reached skill level 5 in Conjurations
  2013 | D:3      | Reached XP level 4. HP: 18/33 MP: 4/8
  2321 | D:3      | Noticed Jessica
  2328 | D:3      | Killed Jessica
  2407 | D:3      | Killed KristoblXynda's ghost
  2407 | D:3      | Reached XP level 5. HP: 29/38 MP: 5/11
  2564 | D:3      | Reached XP level 6. HP: 45/45 MP: 12/12
  2585 | D:3      | Reached skill level 6 in Conjurations
  2679 | D:3      | Noticed Robin
  2684 | D:3      | Killed Robin
  2839 | D:3      | Learned a level 5 spell: Iskenderun's Battlesphere
  3307 | D:4      | Reached skill level 1 in Charms
  3406 | D:4      | Your scales start taking on a lurid green colour.
  3406 | D:4      | Reached XP level 7. HP: 31/50 MP: 13/14
  3406 | D:4      | Gained mutation: Your system is resistant to poisons. (rPois) [Green Draconian growth]
  3582 | D:4      | Noticed Natasha
  3586 | D:4      | Killed Natasha
  3771 | D:5      | Entered Level 5 of the Dungeon
  4026 | D:5      | Found Wuel's Weapon Boutique.
  4091 | D:5      | Reached skill level 5 in Spellcasting
  4186 | D:5      | Gained mutation: [You are clumsy. (Dex -2)] [potion of mutation]
  4186 | D:5      | Gained mutation: You passively map a small area around you. [potion of mutation]
  4186 | D:5      | Gained mutation: Your tail ends in a poisonous barb. [potion of mutation]
  4297 | D:6      | Reached skill level 7 in Conjurations
  4424 | D:6      | Found an opulent altar of Gozag.
  4538 | D:6      | Reached XP level 8. HP: 53/57 MP: 8/16
  5037 | D:6      | Found a staircase to the Ecumenical Temple.
  5311 | D:6      | Lost mutation: Your tail ends in a poisonous barb. [potion of mutation]
  5311 | D:6      | Lost mutation: [You are clumsy. (Dex -2)] [potion of mutation]
  5311 | D:6      | Gained mutation: [You occasionally shout uncontrollably at your foes.] [potion of mutation]
  5311 | D:6      | Gained mutation: Your tail ends in a poisonous barb. [potion of mutation]
  5413 | D:7      | Reached skill level 5 in Charms
  5558 | D:7      | Reached * piety under Ashenzari
  5565 | D:7      | Reached skill level 8 in Conjurations
  5566 | D:7      | Noticed Joseph
  5594 | D:7      | Killed Joseph
  5594 | D:7      | Reached XP level 9. HP: 32/62 MP: 1/18
  6766 | D:8      | Reached skill level 9 in Conjurations
  6996 | D:8      | Noticed Grum
  6998 | D:8      | Reached skill level 1 in Evocations
  7004 | D:8      | Killed Grum
  7081 | D:8      | Reached skill level 1 in Fighting
  7109 | D:8      | Reached XP level 10. HP: 52/71 MP: 21/21
  7229 | D:8      | Reached ** piety under Ashenzari
  7352 | D:9      | Found Imatsir's Quality Used Wands.
  7788 | D:9      | Noticed Pikel
  7798 | D:9      | Killed Pikel
  7903 | D:9      | Lost mutation: Your tail ends in a poisonous barb. [potion of mutation]
  7903 | D:9      | Lost mutation: You passively map a small area around you. [potion of mutation]
  7903 | D:9      | Gained mutation: Your large and strong wings let you fly indefinitely. [potion of mutation]
  7903 | D:9      | Gained mutation: Your natural rate of healing is unusually fast. [potion of mutation]
  7903 | D:9      | Gained mutation: Your muscles are strong. (Str +2) [potion of mutation]
  7912 | D:9      | Found a glowing golden altar of the Shining One.
  7986 | D:9      | Reached skill level 10 in Conjurations
  8193 | D:9      | Found a staircase to the Lair.
  8203 | D:9      | Found Nisewut's Assorted Antiques.
  8219 | D:9      | Bought a steaming lapis lazuli ring for 175 gold pieces
  8219 | D:9      | Identified the ring of Ryolef {+Inv rF+ rC+ Dex+4} (You bought it in a shop on level 9 of the Dungeon)
  8589 | D:9      | Noticed a two-headed ogre
  8612 | D:9      | Killed a two-headed ogre
  8612 | D:9      | Reached XP level 11. HP: 84/84 MP: 6/23
  8823 | D:9      | Noticed TotoDurand's ghost (journeyman DrMo)
  8860 | D:9      | Killed TotoDurand's ghost
  9141 | D:9      | Reached skill level 11 in Conjurations
  9275 | D:10     | Entered Level 10 of the Dungeon
  9326 | D:10     | Identified the +10 hand axe of Analysis {chop, rF+ MR+ Dex+2}
  9364 | D:10     | Learned a level 7 spell: Orb of Destruction
  9406 | D:10     | Reached skill level 5 in Fighting
  9986 | D:10     | Reached skill level 5 in Evocations
 10278 | D:11     | Noticed a four-headed hydra
 10287 | D:11     | Killed a four-headed hydra
 10498 | D:11     | Reached *** piety under Ashenzari
 10589 | D:11     | Noticed a five-headed hydra
 10594 | D:11     | Killed a five-headed hydra
 10594 | D:11     | Reached skill level 5 in Dodging
 11196 | D:11     | Found a roughly hewn altar of Beogh.
 11270 | D:11     | Reached XP level 12. HP: 97/97 MP: 25/25
 12128 | D:12     | Found a staircase to the Orcish Mines.
 12164 | D:12     | Reached skill level 12 in Conjurations
 12348 | D:12     | Found Ymioh's Assorted Antiques.
 12372 | D:12     | Bought a scroll of remove curse for 96 gold pieces
 12827 | D:13     | Noticed a two-headed ogre
 12833 | D:13     | Killed a two-headed ogre
 12834 | D:13     | Noticed a two-headed ogre
 12837 | D:13     | Killed a two-headed ogre
 12848 | D:13     | Found a gate to the Vaults.
 13034 | D:12     | Reached skill level 10 in Spellcasting
 13063 | D:12     | Learned a level 6 spell: Iron Shot
 13110 | D:9      | Learned a level 4 spell: Fulminant Prism
 13149 | Lair:1   | Entered Level 1 of the Lair of Beasts
 13160 | Lair:1   | Found a labyrinth entrance.
 13191 | Lair:1   | Reached skill level 1 in Earth Magic
 13249 | Lair:1   | Found a hazy altar of Hepliaklqana.
 13295 | Lair:1   | Reached skill level 5 in Earth Magic
 13295 | Lair:1   | Reached XP level 13. HP: 107/107 MP: 27/27
 13608 | Lair:1   | Reached **** piety under Ashenzari
 13821 | Lair:2   | Learned a level 2 spell: Blink
 13853 | Lair:2   | Noticed Urug
 13860 | Lair:2   | Killed Urug
 14145 | Lair:2   | Found a staircase to the Shoals.
 14672 | Lair:3   | Reached skill level 1 in Shields
 15441 | Lair:3   | Reached skill level 5 in Shields
 15954 | Lair:4   | Gained mutation: Your tail ends in a poisonous barb. [Green Draconian growth]
 15954 | Lair:4   | Reached XP level 14. HP: 112/115 MP: 9/28
 15961 | Lair:4   | Reached ***** piety under Ashenzari
 16674 | Lair:4   | Found a staircase to the Snake Pit.
 16997 | Lair:4   | Identified the amulet of Teeqes {Inacc rElec Str+3 Int-5}
 17533 | Lair:5   | Noticed Kirke
 17537 | Lair:5   | Killed Kirke
 17702 | Lair:5   | Found a runed door.
 17703 | Lair:5   | Found a viscous altar of Jiyva.
 17703 | Lair:5   | Found a staircase to the Slime Pits.
 17867 | Lair:5   | Reached skill level 13 in Conjurations
 18548 | Lair:6   | Entered Level 6 of the Lair of Beasts
 19291 | Lair:6   | Reached skill level 10 in Fighting
 19572 | Lair:6   | Upgraded the game from 0.21-a0-50-g941c862 to 0.21-a0-88-g13b9641
 20643 | Lair:6   | Found a large runed door.
 20643 | Lair:6   | Found a large runed door.
 20689 | Lair:6   | Identified the cursed +2 hunting sling "Killer Bee's Bane" {freeze, Int+3 Dex-2 Stlth+}
 20854 | Lair:5   | Reached XP level 15. HP: 128/128 MP: 30/30
 21545 | D:13     | Goblin1989: Namelastname112!!!
 21551 | D:13     | Goblin1989: hi!!!
 21551 | D:13     | namelastname112: я это
 21551 | D:13     | namelastname112: дембельнулся
 22113 | D:13     | Identified a +1 pair of boots of running (You found it on level 13 of the Dungeon)
 22548 | D:13     | Goblin1989: поздравляю
 23050 | D:13     | Goblin1989: а тут ололоев убежал и все потерялись вместе с ним
 23050 | D:13     | namelastname112: а че так?
 23079 | D:13     | Identified the Papyrus of Assistive Orientation
 23100 | D:13     | Reached skill level 14 in Conjurations
 23101 | D:13     | Goblin1989: а он грейтроле сделал и ему наверное надоело
 23134 | D:13     | namelastname112: хуя
 23136 | D:13     | Goblin1989: теперь доже на двачах нету темы
 23263 | D:13     | Goblin1989: но его грейтроле уже не грейтроле на самом деле
 23325 | D:13     | Goblin1989: после него новую рассу ввести успели
 23644 | D:13     | namelastname112: дохуя вообще нового добавили?
 24026 | D:13     | Goblin1989: ну как сказать
 24207 | D:14     | Goblin1989: новая расса, новый бог, переделали немного кулдауны разные
 24241 | D:14     | Found a frozen archway.
 24263 | IceCv    | Entered an ice cave
 24269 | IceCv    | Noticed TotoDurand's ghost (journeyman MiBe)
 24284 | IceCv    | Identified the amulet "Jogabiol" {Faith Dex+3}
 24284 | IceCv    | Identified the ring "Qehiarph" {rC+ Str-3 Dex+3 Stlth+}
 24284 | IceCv    | Identified the ring "Foisunus" {Wiz rElec Str+7 Dex-2 SInv}
 24716 | D:14     | Lost mutation: [You occasionally shout uncontrollably at your foes.] [mutagenic meat]
 25041 | D:14     | Goblin1989: ну и эта ёбнутая шкала шума взамен шкалы денег
 25052 | D:14     | Reached ****** piety under Ashenzari
 25098 | D:14     | namelastname112: кстати лоо
 25098 | D:14     | namelastname112: л
 25098 | D:14     | namelastname112: я не заметил даже
 25331 | D:14     | Goblin1989: да это пиздец какой-то, а не изменение, если честно
 25338 | D:14     | Reached skill level 10 in Dodging
 25701 | D:15     | Entered Level 15 of the Dungeon
 25704 | D:15     | Noticed Nessos
 25710 | D:15     | Killed Nessos
 25893 | Orc:1    | Entered Level 1 of the Orcish Mines
 26087 | Orc:1    | Goblin1989: кстати я не могу понять смысл вот этого коммита:
 26146 | Orc:1    | Goblin1989: http://s-z.org/neil/git/?p=crawl.git;a=commit;h=db847824025579f73089239663d45ccdfaf5a913
 26248 | Orc:1    | namelastname112: а че моттлед
 26310 | Orc:1    | Found a bloodstained altar of Trog.
 26553 | Orc:1    | Goblin1989: ну типа удалите его из таблицы аптитуд
 26712 | Orc:2    | Entered Level 2 of the Orcish Mines
 26905 | Orc:2    | Goblin1989: так тогда резонный вопрос появляется - их удалили что ли? Я вроде такого коммита не видел последнее время
 27054 | Orc:2    | Noticed an orc warlord
 27065 | Orc:2    | Killed an orc warlord
 27339 | Orc:2    | Found a roughly hewn altar of Beogh.
 27594 | Orc:2    | Found Ipuziof's Antique Weapon Shop.
 27610 | Orc:2    | namelastname112: я хуй знает
 27610 | Orc:2    | namelastname112: надеюсь
 27610 | Orc:2    | namelastname112: в рот они ебись
 27809 | Orc:2    | Reached XP level 16. HP: 105/139 MP: 26/32
 27923 | Orc:2    | Goblin1989: это те которых ты все канючил удалить у дэвов?
 28006 | Orc:2    | namelastname112: да
 28006 | Orc:2    | Goblin1989: понял
 28037 | Orc:2    | Found Irubb's General Store.
 28054 | Orc:2    | Bought a scroll of blinking for 105 gold pieces
 28424 | Orc:2    | Goblin1989: а я на десятом уровне руну в слаймах взял :)
 28433 | Orc:2    | namelastname112: бля
 28433 | Orc:2    | namelastname112: я уже не помню дае
 28433 | Orc:2    | namelastname112: даже
 28433 | Orc:2    | namelastname112: что где
 28813 | Orc:2    | Found Manug's Distillery.
 28821 | Orc:2    | Goblin1989: да ладно, столько игр сыграть и не помнить что где :)
 28844 | Orc:2    | Found Yramaji's Assorted Antiques.
 28844 | Orc:2    | Found a roughly hewn altar of Beogh.
 29639 | Orc:2    | Found a staircase to the Elven Halls.
 29821 | Orc:1    | Goblin1989: ты как я посмотрел логи же ву опробовать успел :)
 29836 | Orc:2    | namelastname112: да
 29836 | Orc:2    | namelastname112: интересный дядя
 29866 | Orc:1    | Goblin1989: его планируют переделать в ближайшее время
 29899 | Orc:1    | Goblin1989: типа ребаланс вносит
 30100 | D:15     | Goblin1989: дизентеграция теперь стенки не кушает
 30284 | D:15     | Goblin1989: знай про это
 30982 | D:15     | Goblin1989: курмута и бенемута нет, обычный мут теперь работает как курмут сперва, а потом как бенемут
 31743 | D:15     | Found an opulent altar of Gozag.
 31812 | D:15     | Goblin1989: диска шторма нету, удалили
 31814 | D:15     | Reached skill level 15 in Conjurations
 31825 | D:15     | Goblin1989: или это при тебе еще сделали?
 32036 | D:15     | Found a staircase to the Depths.
 32069 | D:15     | namelastname112: бля
 32069 | D:15     | namelastname112: диск это хуево
 32069 | D:15     | namelastname112: он клевый был
 32201 | D:13     | Goblin1989: взамен его айрон род, у него четыре заряда, кривой какой-то
 32351 | Elf:1    | Entered Level 1 of the Elven Halls
 32359 | Elf:1    | Lost mutation: Your muscles are strong. (Str +2) [a neqoxec]
 32689 | Elf:1    | Goblin1989: хилых гигантов нету, удалили, вместо них слегка бафнули двухголовых огров
 33108 | Elf:1    | Reached skill level 10 in Evocations
 33158 | Elf:1    | Goblin1989: лягушки же разумные появились!
 33178 | Elf:1    | Goblin1989: еще одна расса же
 33180 | Elf:1    | namelastname112: лол
 33180 | Elf:1    | namelastname112: че умеют?
 33615 | Elf:1    | Goblin1989: +1 к лосу, довольно неплохие апты на все, слегка рандомный блинк в виде абилки, сниженая скорость 1
 33753 | Elf:1    | Goblin1989: ве
 33771 | Elf:1    | Goblin1989: имхо - веселые парни
 33976 | Elf:1    | Cast into level 3 of the Abyss (a deep elf sorcerer)
 33977 | Abyss:3  | namelastname112: ммм
 33977 | Abyss:3  | namelastname112: абисс
 33977 | Abyss:3  | namelastname112: сразу на третий нахуй
 34080 | Abyss:4  | Goblin1989: да, теперь и сразу на пятый могут отправить по-моему
 34114 | Abyss:4  | Gained mutation: [Scrolls take you a little longer to read.] [a neqoxec]
 34139 | Abyss:5  | Entered Level 5 of the Abyss
 34139 | Abyss:5  | Found a corrupted altar of Lugonu.
 34162 | Abyss:5  | namelastname112: там руна кстати
 34162 | Abyss:5  | namelastname112: лол
 34162 | Abyss:5  | namelastname112: но ну ее нахуй
 34162 | Abyss:5  | namelastname112: хэллефнтов еще пиздить
 34206 | Abyss:5  | Noticed an Executioner
 34208 | Abyss:5  | Killed from afar by an Executioner

Vault maps used:
D:1:      minmay_arrival_widening_spiral_wide
D:2:      grunt_temple_overflow_octagram
D:3:      first_bread, uniq_jessica, uniq_robin, uniq_ijyb
D:4:      uniq_natasha
D:5:      serial_shops, nicolae_shop_statue_plus
D:6:      old_standard_altar, minmay_temple_entry_mist
D:7:      uniq_joseph
D:8:      uniq_grum
D:9:      kennysheep_seaside_town, old_standard_altar,
          due_lair_maze_entry_diamond, serial_shops,
          nicolae_shop_overgrown_old_shop, nicolae_for_you_no_charge, uniq_pikel
D:10:     hangedman_pestilent_swarm, uniq_sonja
D:11:     special_room
D:12:     orc_0_dummy, serial_shops, shop
D:13:     minmay_crescents, david_vaults_1, minmay_hollow_rounded_squares
D:14:     portal_ice_cave_entry_ice_beasts, grunt_decor_fettered
D:15:     hangedman_depths_entry_try_elsewhere_first,
          nicolae_gozag_cash_rules_everything_around_me, uniq_nessos
Lair:1:   basic_altar, lab_entry_generic, infiniplex_staircase_pool_2,
          minmay_lair_oklob_chamber
Lair:2:   minmay_shoals_entry_lonely_mermaid, uniq_urug
Lair:3:   nicolae_quartered_pool_super, infiniplex_staircase_pool
Lair:4:   wad_woods_minihive, dummy_snake_entry, grunt_megastairs_1
Lair:5:   slime_altar_2, beast_lair_carwin_2, uniq_kirke
Lair:6:   cheibrodos_lair_end_hotspot
Orc:1:    trog_butcher_becter
Orc:2:    pubby_orc_utopia
Elf:1:    eino_elf_arrival_the_gate, hangedman_elf_disciples, chequers_big_river
Abyss:3:  evilmike_abyss_exit_9
Abyss:4:  dshaligram_kb_abyss_rune_zappy_water_cross, hangedman_decor_riveting,
          minivault_13
Abyss:5:  evilmike_abyss_rune_elephants_shrine, bh_abyss_exit_spiral
IceCv:    ice_cave_small_dragons

Skill      XL: |  1  2  3  4  5  6  7  8  9 10 11 12 13 14 15 16 |
---------------+-------------------------------------------------+-----
Spellcasting   | 3 4 5 6 7 8 9 10 11 12 13 | 13.1
Conjurations   | 5 6 7 8 9 10 11 12 13 14 15 | 15.4
Charms         | 1 3 6 7 |  7.7
Dodging        | 2 3 5 6 8 10 | 10.5
Evocations     | 1 4 5 7 10 | 10.7
Fighting       | 1 4 6 8 10 12 | 12.3
Earth Magic    | 5 |  5.7
Shields        | 6 |  6.3
Stealth        | |  1.7

Action                   |  1- 3 |  4- 6 |  7- 9 | 10-12 | 13-15 | 16-18 || total
-------------------------+-------+-------+-------+-------+-------+-------++-------
Melee: Unarmed           |     4 |       |       |       |       |       ||     4
       Dagger            |    44 |     6 |    13 |       |       |       ||    63
       Tailslap          |     3 |       |     1 |     5 |    48 |    50 ||   107
       Staff             |       |       |       |    21 |   257 |   175 ||   453
 Cast: Magic Dart        |    73 |    74 |   247 |   449 |   554 |    58 ||  1455
       Searing Ray       |     7 |     9 |    11 |    30 |     8 |     1 ||    66
       Iskenderun's Batt |       |       |    31 |    71 |    77 |     4 ||   183
       Orb of Destructio |       |       |       |    14 |    59 |    72 ||   145
       Iron Shot         |       |       |       |       |   167 |    89 ||   256
       Fulminant Prism   |       |       |       |       |   117 |    30 ||   147
       Blink             |       |       |       |       |       |     1 ||     1
Invok: Curse Item        |       |       |     1 |       |       |       ||     1
 Abil: Breathe Noxious F |       |       |     4 |     7 |    11 |    10 ||    32
       Fly               |       |       |       |     1 |       |       ||     1
Evoke: Wand              |       |       |     1 |       |     6 |       ||     7
       Sack of spiders   |       |       |       |       |     1 |       ||     1
       Phial of floods   |       |       |       |       |     1 |       ||     1
  Use: Scroll            |       |       |    19 |     5 |    11 |     2 ||    37
       Potion            |       |       |     2 |     5 |     2 |       ||     9
 Stab: Confused          |       |       |       |       |     2 |     5 ||     7
  Eat: Chunk             |     3 |     6 |    19 |    23 |    78 |    37 ||   166
       Royal jelly       |       |       |     1 |       |    10 |     2 ||    13
       Meat ration       |       |       |       |     4 |     3 |     2 ||     9
       Bread ration      |       |       |       |       |     2 |     3 ||     5
       Fruit             |       |       |       |       |       |     1 ||     1
Armor: Skin              |    41 |    13 |    36 |    72 |   159 |    47 ||   368
Dodge: Dodged            |    75 |    22 |    69 |   200 |   711 |   239 ||  1316
Block: Buckler           |       |       |       |       |   188 |    63 ||   251
